 Dungeon Crawl Stone Soup version 0.17.0-24-gcfadda4 (webtiles) character file.

210 MDvedh the Cudgeler (level 5, 0/28 HPs)
             Began as a Gargoyle Summoner on Nov 17, 2015.
             Slain by an iguana (4 damage)
             ... on level 4 of the Dungeon.
             The game lasted 00:05:44 (4380 turns).

MDvedh the Cudgeler (Gargoyle Summoner)             Turns: 4380, Time: 00:05:45

Health: 0/28       AC: 10    Str: 13    XL:     5   Next: 87%
Magic:  8/8        EV:  9    Int: 15    God:
Gold:   125        SH:  0    Dex: 10    Spells: 1 memorised, 7 levels left

rFire  . . .     SeeInvis .     m - +0 flail
rCold  . . .     Clarity  .     k - +0 scale mail
rNeg   + . .     SustAt   .     (no shield)
rPois  ∞         Gourm    .     (no helmet)
rElec  +         Spirit   .     (no cloak)
rCorr  .         Warding  .     (no gloves)
rMut   .         Stasis   .     (no boots)
MR     .....                    (no amulet)
Stlth  ..........               (no ring)
                                (no ring)

@: not resistant to hostile enchantments, extremely unstealthy
A: negative energy resistance 1, electricity resistance, unbreathing,
petrification resistance, rot immunity, AC +4
a: no special abilities


You were on level 4 of the Dungeon.
You were not hungry.

You visited 1 branch of the dungeon, and saw 4 of its levels.

You collected 125 gold pieces.

Inventory:

Hand Weapons
 a - a +0 mace
 m - a +0 flail (weapon)
Armour
 k - a +0 scale mail (worn)
Jewellery
 o - an uncursed ring of fire
 r - an uncursed ring of wizardry {unknown}
Scrolls
 d - a scroll of blinking {unknown}
 e - 5 scrolls of teleportation {unknown}
 f - 2 scrolls of fear {unknown}
 h - 4 scrolls of identify {unknown}
 l - a scroll of magic mapping {unknown}
Potions
 g - 2 potions of heal wounds {unknown}
 i - 2 potions of magic {unknown}
 j - a potion of agility {unknown}
 n - a potion of poison {unknown}
 p - a potion of cancellation {unknown}
 q - a potion of brilliance {unknown}
Books
 b - a book of Callings

   Spells                             Type                      Level
   a - Summon Small Mammal            Summoning                    1
   b - Call Imp                       Summoning                    2
   c - Call Canine Familiar           Summoning                    3
   d - Summon Guardian Golem          Hexes/Summoning              3
   e - Summon Lightning Spire         Summoning/Air                4
   f - Summon Ice Beast               Ice/Summoning                4
Comestibles
 c - 2 bread rations


   Skills:
 - Level 0.9 Fighting
 + Level 5.2 Maces & Flails
 - Level 0.4 Armour
 - Level 1.5 Dodging
 - Level 2.1 Stealth
 - Level 2.0 Spellcasting
 - Level 3.6 Summonings


You had 7 spell levels left.
You knew the following spells:

 Your Spells              Type           Power        Failure   Level  Hunger
a - Summon Small Mammal   Summ           ##..         24%         1    #......


Dungeon Overview and Level Annotations

Branches:
Dungeon (4/15)
 Temple: D:4-7

Altars:
The Shining One


Innate Abilities, Weirdness & Mutations

You are resistant to torment.
Your stone body is resilient (AC +4).
You are immune to poison.
You resist negative energy.
You are resistant to electric shocks.
You can survive without breathing.
You are immune to petrification.
You are immune to rotting.


Message History

The iguana bites you!
* * * LOW HITPOINT WARNING * * *
You are too injured to fight recklessly!
You are too injured to fight recklessly!
You are too injured to fight recklessly!
Unknown command.
You closely miss the iguana.
The iguana is severely wounded.
The iguana bites you but does no damage.
Unknown command.
You hit the iguana.
The iguana is severely wounded.
The iguana closely misses you.
Unknown command.
You hit the iguana.
The iguana is almost dead.
The iguana bites you.
* * * LOW HITPOINT WARNING * * *
The iguana bites you.
You die...

.# .# .# .# .#
)#####.# .......#
############ .#######
#..........##### ..#
#.#@)....#.#...# ..#
#.#.l#....)[.#.# ..#
#.#..#...#.#...# ..#
#.#..###.#.##.######
..#
#.#..###.#.#.......#
..#
###.#......>.#..####.#
..########
#...##.......#..####.#
.........#
#...##.......#....##.#
.........#
#............#.......#


You could see an iguana.

Vanquished Creatures
  An orc priest (D:4)
  2 hounds
  Jessica (D:2)
  3 adders
  3 worms
  A giant gecko (D:4)
  4 orcs
  8 bats
  3 giant cockroaches
  5 goblins
  4 hobgoblins
  7 kobolds
  A giant gecko skeleton (D:4)
  A giant newt (D:1)
  A quokka (D:2)
  7 rats
52 creatures vanquished.

Vanquished Creatures (collateral kills)
  An ooze (D:1)
  A hobgoblin (D:1)
  2 bats (D:1)
  A giant newt (D:1)
  A rat (D:1)
6 creatures vanquished.

Grand Total: 58 creatures vanquished

Notes
Turn   | Place    | Note
--------------------------------------------------------------
     0 | D:1      | MDvedh the Gargoyle Summoner began the quest for the Orb.
     0 | D:1      | Reached XP level 1. HP: 10/10 MP: 3/3
   279 | D:1      | Reached skill level 1 in Maces & Flails
   279 | D:1      | Reached XP level 2. HP: 13/16 MP: 3/5
  1293 | D:2      | Reached XP level 3. HP: 20/20 MP: 6/6
  1455 | D:2      | Noticed Jessica
  1472 | D:2      | Killed Jessica
  1472 | D:2      | Reached XP level 4. HP: 13/24 MP: 7/7
  2685 | D:3      | Reached skill level 4 in Maces & Flails
  3189 | D:4      | Found a glowing golden altar of the Shining One.
  3197 | D:4      | Reached XP level 5. HP: 24/28 MP: 8/8
  4015 | D:4      | HP: 1/28 [iguana (4)]
  4223 | D:3      | Reached skill level 5 in Maces & Flails
  4380 | D:4      | Slain by an iguana

Action                   |  1- 3 |  4- 6 || total
-------------------------+-------+-------++-------
Melee: Unarmed           |    25 |       ||    25
       Club              |    55 |       ||    55
       Mace              |    36 |   159 ||   195
       Flail             |       |    38 ||    38
 Cast: Summon Small Mamm |     4 |       ||     4
 Stab: Sleeping          |     1 |       ||     1
  Eat: Chunk             |     1 |     6 ||     7
       Bread ration      |       |     1 ||     1
       Pizza             |       |     1 ||     1
